 Dungeon Crawl Stone Soup version 0.21-a0-528-gf531e82 (webtiles) character file.

285 teukkam the Charmwright (level 6, -3/50 HPs)
             Began as a Gnoll Skald on Dec 8, 2017.
             Slain by Nirn's ghost (10 damage)
             ... on level 4 of the Dungeon.
             The game lasted 00:10:19 (3021 turns).

teukkam the Charmwright (Gnoll Skald)               Turns: 3021, Time: 00:10:20

Health: -3/50      AC:  3    Str: 19    XL:     6   Next: 29%
Magic:  9/14       EV: 14    Int: 17    God:
Gold:   167        SH:  0    Dex: 14    Spells: 12/15 levels left

rFire    . . .     SeeInvis +   a - +0 hand axe
rCold    . . .     Gourm    .   (no shield)
rNeg     . . .     Faith    .   b - +0 leather armour
rPois    .         Spirit   .   (no helmet)
rElec    .         Reflect  .   (no cloak)
rCorr    .         Harm     .   (no gloves)
MR       .....                  (no boots)
Stlth    ++........             (no amulet)
HPRegen  0.16/turn              (no ring)
MPRegen  0.14/turn              (no ring)

@: mighty, infused, singing
A: distributed training, fangs 1, see invisible, mutation resistance 1, strong
nose
a: no special abilities


You were on level 4 of the Dungeon.
You were hungry.

You visited 1 branch of the dungeon, and saw 5 of its levels.

You collected 167 gold pieces.

Inventory:

Hand Weapons
 a - a +0 hand axe (weapon)
 l - a +0 dagger of speed
Missiles
 e - 48 arrows
Armour
 b - a +0 leather armour (worn)
Potions
 h - 2 potions of lignification
Books
 c - a book of Battle

   Spells                             Type                      Level
   a - Infusion                       Charms                       1
   b - Shroud of Golubria             Charms/Translocation         2
   c - Song of Slaying                Charms                       2
   d - Spectral Weapon                Hexes/Charms                 3
   e - Regeneration                   Charms/Necromancy            3
Comestibles
 d - a bread ration
 f - a meat ration
 g - 7 fruits
 i - a royal jelly


   Skills:
 + Level 4.9 Fighting
 + Level 1.8 Short Blades
 + Level 1.8 Long Blades
 + Level 4.9 Axes
 + Level 1.8 Maces & Flails
 + Level 1.8 Polearms
 + Level 1.8 Staves
 + Level 1.8 Slings
 + Level 1.8 Bows
 + Level 1.8 Crossbows
 + Level 1.8 Throwing
 + Level 3.2 Armour
 + Level 4.9 Dodging
 + Level 1.8 Stealth
 + Level 1.8 Shields
 + Level 1.8 Unarmed Combat
 + Level 5.3 Spellcasting
 + Level 1.4 Conjurations
 + Level 1.4 Hexes
 + Level 5.6 Charms
 + Level 1.4 Summonings
 + Level 1.4 Necromancy
 + Level 1.4 Translocations
 + Level 1.4 Transmutations
 + Level 1.4 Fire Magic
 + Level 1.4 Ice Magic
 + Level 1.4 Air Magic
 + Level 1.4 Earth Magic
 + Level 1.4 Poison Magic
 + Level 2.0 Invocations
 + Level 1.8 Evocations


You had 12 spell levels left.
You knew the following spells:

 Your Spells              Type           Power        Failure   Level  Hunger
a - Infusion              Chrm           ###.         1%          1    None
b - Song of Slaying       Chrm           ###.....     2%          2    #......


Dungeon Overview and Level Annotations

Branches:
Dungeon (5/15)
 Temple: D:4-7

Altars:

Annotations:
D:4 Nirn's ghost, amateur DgFi


Innate Abilities, Weirdness & Mutations

Your experience applies equally to all skills.
You have very sharp teeth.
Your uncanny sense of smell can sniff out nearby items.
You have supernaturally acute eyesight. (SInv)
You are somewhat resistant to further mutation.


Message History

Confirm with . or Enter, or press ? or * to list all spells.
You start singing a song of slaying.
You are feeling hungry.
The phantom hits you.
* * * LOW HITPOINT WARNING * * *
You hit Nirn's ghost!
Nirn's ghost is heavily damaged.
You closely miss the phantom. The phantom barely misses you.
Nirn's ghost hits you.
* * * LOW HITPOINT WARNING * * *
Nirn's ghost says, "I am invincible!"
You hit Nirn's ghost.
Nirn's ghost is heavily damaged.
Nirn's ghost hits you.
* * * LOW HITPOINT WARNING * * *
You barely miss Nirn's ghost.
Nirn's ghost is heavily damaged.
Nirn's ghost shouts, "What do you have that I didn't have?"
Nirn's ghost hits you!
You die...

##)#### #.# .. #.#
#. #.# .# #. #.#
#.# #. # #.# #.#
#. # #.# #.# #.##
#.# #.# #... #@#
#.# #...
#W########.#####..
#W.........[......
##########...#####
#.#......
#...##### #####


You could see a phantom and Nirn's ghost.

Vanquished Creatures
  A howler monkey (D:2)
  An orc priest (D:4)
  An orc wizard (D:4)
  Natasha (thrice) (D:2)
  6 adders
  4 dart slugs
  2 leopard geckos (D:2)
  2 orcs (D:4)
  2 giant cockroaches
  8 goblins
  9 hobgoblins
  3 jackals (D:2)
  2 bats
  3 frilled lizards
  5 kobolds
  6 rats
58 creatures vanquished.

Notes
Turn   | Place    | Note
-------+----------+-------------------------------------------
     0 | D:1      | teukkam the Gnoll Skald began the quest for the Orb.
     0 | D:1      | Reached XP level 1. HP: 20/20 MP: 6/6
   180 | D:1      | Reached XP level 2. HP: 20/26 MP: 2/7
   186 | D:1      | Learned a level 2 spell: Song of Slaying
   678 | D:1      | Reached XP level 3. HP: 31/31 MP: 9/9
   717 | D:1      | Reached skill level 5 in Spellcasting
  1163 | D:2      | Reached skill level 1 in Invocations
  1190 | D:2      | Reached skill level 1 in Short Blades
  1190 | D:2      | Reached skill level 1 in Long Blades
  1190 | D:2      | Reached skill level 1 in Maces & Flails
  1190 | D:2      | Reached skill level 1 in Polearms
  1190 | D:2      | Reached skill level 1 in Staves
  1190 | D:2      | Reached skill level 1 in Slings
  1190 | D:2      | Reached skill level 1 in Bows
  1190 | D:2      | Reached skill level 1 in Crossbows
  1190 | D:2      | Reached skill level 1 in Throwing
  1190 | D:2      | Reached skill level 1 in Stealth
  1190 | D:2      | Reached skill level 1 in Shields
  1190 | D:2      | Reached skill level 1 in Unarmed Combat
  1190 | D:2      | Reached skill level 1 in Evocations
  1257 | D:2      | Reached XP level 4. HP: 31/38 MP: 1/11
  1258 | D:2      | Reached skill level 1 in Conjurations
  1258 | D:2      | Reached skill level 1 in Hexes
  1258 | D:2      | Reached skill level 1 in Summonings
  1258 | D:2      | Reached skill level 1 in Necromancy
  1258 | D:2      | Reached skill level 1 in Translocations
  1258 | D:2      | Reached skill level 1 in Transmutations
  1258 | D:2      | Reached skill level 1 in Fire Magic
  1258 | D:2      | Reached skill level 1 in Ice Magic
  1258 | D:2      | Reached skill level 1 in Air Magic
  1258 | D:2      | Reached skill level 1 in Earth Magic
  1258 | D:2      | Reached skill level 1 in Poison Magic
  1266 | D:2      | Noticed Natasha
  1267 | D:2      | Gained mutation: You are somewhat resistant to further mutation. [potion of mutation]
  1267 | D:2      | Gained mutation: You have supernaturally acute eyesight. (SInv) [potion of mutation]
  1275 | D:2      | Killed Natasha
  1275 | D:2      | Reached XP level 5. HP: 43/43 MP: 0/12
  1593 | D:2      | Noticed Natasha
  1607 | D:2      | Killed Natasha
  1968 | D:2      | Noticed Natasha
  1974 | D:2      | Killed Natasha
  2686 | D:5      | Entered Level 5 of the Dungeon
  2698 | D:4      | Reached XP level 6. HP: 30/50 MP: 4/13
  2980 | D:4      | Noticed Nirn's ghost (amateur DgFi)
  2983 | D:4      | Noticed a phantom
  3021 | D:4      | Slain by Nirn's ghost

Vault maps used:
D:1:      kennysheep_arrival_seaside, minmay_misc_feat_doors
D:2:      uniq_natasha
D:4:      first_bread, trog_book, uniq_menkaure
D:5:      kennysheep_mini_moat, lemuel_temple_firewalk_a, uniq_grinder

Skill      XL: |  1  2  3  4  5 |
---------------+----------------+-----
Spellcasting   | 5 |  5.3
Invocations    | 1 2 |  2.0
Short Blades   | 1 |  1.8
Long Blades    | 1 |  1.8
Maces & Flails | 1 |  1.8
Polearms       | 1 |  1.8
Staves         | 1 |  1.8
Slings         | 1 |  1.8
Bows           | 1 |  1.8
Crossbows      | 1 |  1.8
Throwing       | 1 |  1.8
Stealth        | 1 |  1.8
Shields        | 1 |  1.8
Unarmed Combat | 1 |  1.8
Evocations     | 1 |  1.8
Conjurations   | 1 |  1.4
Hexes          | 1 |  1.4
Summonings     | 1 |  1.4
Necromancy     | 1 |  1.4
Translocations | 1 |  1.4
Transmutations | 1 |  1.4
Fire Magic     | 1 |  1.4
Ice Magic      | 1 |  1.4
Air Magic      | 1 |  1.4
Earth Magic    | 1 |  1.4
Poison Magic   | 1 |  1.4
Armour         | 3 |  3.2
Fighting       | |  4.9
Axes           | |  4.9
Dodging        | |  4.9
Charms         | |  5.6

Action                   |  1- 3 |  4- 6 || total
-------------------------+-------+-------++-------
Melee: Hand axe          |    71 |   121 ||   192
       Bite              |     8 |     8 ||    16
 Cast: Infusion          |     7 |     4 ||    11
       Song of Slaying   |     3 |     4 ||     7
  Use: Potion            |       |     3 ||     3
       Scroll            |       |     5 ||     5
 Stab: Sleeping          |       |     2 ||     2
  Eat: Royal jelly       |     1 |       ||     1
       Bread ration      |       |     1 ||     1
Armor: Leather armour    |    16 |    16 ||    32
       Skin              |       |     4 ||     4
Dodge: Dodged            |    42 |    76 ||   118

Table legend:
 A = Spawn XP
 B = Non-spawn XP
 C = Spawn XP percentage of total XP
 D = Spawn monster count
 E = Non-spawn monster count
 F = Spawn count percentage of total count
 G = Total turns spent on level
                    A         B        C        D         E        F      G
               +---------+---------+-------+---------+---------+-------+---------
         Total |       0 |     408 |   0.0 |       0 |      58 |   0.0 |  3021
               +---------+---------+-------+---------+---------+-------+---------
           D:1 |       0 |      41 |   0.0 |       0 |      23 |   0.0 |  1115
           D:2 |       0 |     262 |   0.0 |       0 |      29 |   0.0 |  1283
           D:3 |       0 |       1 |   0.0 |       0 |       1 |   0.0 |    12
           D:4 |       0 |     104 |   0.0 |       0 |       5 |   0.0 |   608
               +---------+---------+-------+---------+---------+-------+---------
